 Dungeon Crawl Stone Soup version 0.31-a0-187-gba352fbbf7 (webtiles) character file.

Game seed: 3332427900858263476

36 qw the Shooter (level 3, -3/20 HPs)
             Began as a Deep Elf Hunter on June 22, 2023.
             Succumbed to Terence's poison
             ... on level 2 of the Dungeon.
             The game lasted 00:00:21 (1196 turns).

qw the Shooter (Deep Elf Hunter)                    Turns: 1196, Time: 00:00:21

Health: -3/20      AC:  8    Str: 10    XL:     3   Next: 19%
Magic:  5/5        EV:  9    Int: 13    God:
Gold:   69         SH:  0    Dex: 18    Spells: 2/2 levels left

rFire   . . .        Y - +0 shortbow
rCold   . . .        (shield currently unavailable)
rNeg    . . .        g - +0 scale mail
rPois   .            (no helmet)
rElec   .            e - +1 cloak
rCorr   .            (no gloves)
SInv    .            (no boots)
Will    .....        (no amulet)
Stlth   +            (no ring)
HPRegen 0.23/turn    (no ring)
MPRegen 0.09/turn

%: no passive effects
@: lethally poisoned (-3 -> -28)
A: no striking features
a: no special abilities


You were on level 2 of the Dungeon.
You visited 1 branch of the dungeon, and saw 2 of its levels.

You collected 69 gold pieces.


   Skills:
 - Level 1.5 Fighting
 + Level 6.8 Ranged Weapons
 - Level 2.4 Dodging
 - Level 1.2 Stealth


You had 2 spell levels left.
You didn't know any spells.
Your spell library was empty.

Inventory:

Hand Weapons
 Y - a +0 shortbow (weapon)
Armour
 a - a +0 ring mail
 e - a +1 cloak (worn)
 g - a +0 scale mail (worn)
Jewellery
 h - a ring of fire
Scrolls
 b - a scroll of identify {unknown}
 c - a scroll of teleportation {unknown}
Potions
 d - 2 potions of resistance
 f - a potion of might {unknown}
 j - a potion of haste {unknown}
 l - a potion of degeneration {unknown}

Dungeon Overview and Level Annotations

Branches:
Dungeon (2/15)

Altars:

Shops:
D:1 :

Annotations:
D:2 Terence


Message History

You shoot an arrow. The arrow hits the dart slug.
The dart slug is heavily wounded.
You shoot an arrow. The arrow hits the dart slug!
You kill the dart slug!
Terence the Incautious comes into view.
He is wielding a +0 trident of venom.
Found an escape hatch in the ceiling.
Terence shouts!
Enter note:
Enter note: You shoot an arrow.
The arrow hits Terence.
Terence is moderately wounded.
You shoot an arrow.
The arrow hits Terence but does no damage.
Terence is moderately wounded.
Terence bares his teeth.
You shoot an arrow. The arrow hits Terence.
Terence is severely wounded.
You shoot an arrow. The arrow barely misses Terence.
Terence hits you but does no damage.
You are poisoned.
You shoot an arrow.
The arrow hits Terence but does no damage.
Terence is severely wounded.
You feel very sick.
Terence hits you from afar with a +0 trident of venom.
You are more poisoned.
You shoot an arrow. The arrow barely misses Terence.
You feel very sick. Terence hits you but does no damage.
Terence hits you from afar with a +0 trident of venom.
You are more poisoned.
Enter note:
1195 ||| UPGRADING to +0 ring mail.
You stop removing your armour.
You feel very sick.
Terence hits you from afar with a +0 trident of venom.
You are more poisoned.
1196 ||| UPGRADING to +0 ring mail.
You stop removing your armour.
You die...

### ####.# #.
#........####+#
#.##.##...........
###.##.##........... .#
##...##.............. .#
#.....#....##........ .#
#.....#....##........
.###.....#%.....@.@....<
.#......................
.#.......#####%.........
.#..#....# #..........
....#....# #..........
>..##....# #..........
##.##....# #..........
..##....# #.....%....
#####....# #.........


You could see Terence.

Vanquished Creatures
  An adder (D:2)
  A dart slug (D:2)
  An endoplasm (D:1)
  A goblin (D:2)
  4 hobgoblins
  3 kobolds (D:1)
  2 quokkas (D:1)
  7 ball pythons
  A bat (D:1)
  2 frilled lizards
  4 rats (D:1)
27 creatures vanquished.

Notes
Turn   | Place    | Note
-------+----------+-------------------------------------------
     0 | D:1      | qw the Deep Elf Hunter began the quest for the Orb.
     0 | D:1      | Reached XP level 1. HP: 12/12 MP: 3/3
     0 | D:1      | 0 ||| qw: Version: 0.3-a-9-g12657ce
     0 | D:1      | 0 ||| qw: Game counter: 2326
     0 | D:1      | 0 ||| qw: Always use a shield: true
     0 | D:1      | 0 ||| qw: God list: Okawaru
     0 | D:1      | 0 ||| qw: Allow faded altars: false
     0 | D:1      | 0 ||| qw: Do Orc after D:15 true
     0 | D:1      | 0 ||| qw: Do second Lair branch before Depths: true
     0 | D:1      | 0 ||| qw: Lair rune preference: random
     0 | D:1      | 0 ||| qw: Plans: Normal
     0 | D:1      | 0 ||| PLANNING D:1-11
    25 | D:1      | Found Esuovowno's Book Boutique.
   201 | D:1      | Reached skill level 6 in Ranged Weapons
   201 | D:1      | Reached XP level 2. HP: 16/16 MP: 4/4
   844 | D:1      | 844 ||| UPGRADING to +0 cloak.
   849 | D:1      | 849 ||| UPGRADING to +0 scale mail.
   859 | D:1      | 859 ||| DROPPING +0 leather armour.
   860 | D:1      | 860 ||| READING scroll labelled HUIFUF ZIVOB.
   861 | D:1      | 861 ||| READING scroll labelled INAMPEUXZA.
   962 | D:1      | 962 ||| READING 2 scrolls labelled UREFFUOCIGG.
   963 | D:1      | 963 ||| READING scroll of enchant armour.
   963 | D:1      | 963 ||| ENCHANTING +0 cloak.
   964 | D:1      | 964 ||| DRINKING 2 silvery potions.
   965 | D:1      | 965 ||| DROPPING scroll of butterflies.
  1176 | D:2      | Reached XP level 3. HP: 20/20 MP: 5/5
  1188 | D:2      | Noticed Terence
  1195 | D:2      | 1195 ||| UPGRADING to +0 ring mail.
  1195 | D:2      | HP: 5/20 [poisoned by Terence]
  1196 | D:2      | 1196 ||| UPGRADING to +0 ring mail.
  1196 | D:2      | Succumbed to Terence's poison

Levels and vault maps discovered:
D:1:      lightli_arrival_flooded_house, layout_loops_corners, serial_shops,
          shop, minmay_tetromino_o4
D:2:      layout_basic, kennysheep_crisscross, dk_noncrumbling_4, uniq_robin,
          uniq_terence

Skill      XL: |  1 |
---------------+----+-----
Ranged Weapons | 6 |  6.8
Fighting       | |  1.5
Dodging        | |  2.4
Stealth        | |  1.2

Action                     || total
---------------------------++-------
   Fire: Shortbow          ||    65
    Use: Scroll            ||     4
         Potion            ||     1
 Armour: Leather armour    ||     3
         Scale mail        ||     5
  Dodge: Dodged            ||    12

Table legend:
 A = Non-vault XP
 B = Vault XP
 C = Vault XP percentage of total XP
 D = Non-vault monster count
 E = Vault monster count
 F = Vault count percentage of total count
                 A         B        C        D         E       F
            +---------+---------+-------+---------+---------+-------
      Total |      49 |       3 |   5.8 |      24 |       3 |  11.1
            +---------+---------+-------+---------+---------+-------
        D:1 |      22 |       3 |  12.0 |      15 |       3 |  16.7
        D:2 |      27 |       0 |   0.0 |       9 |       0 |   0.0
            +---------+---------+-------+---------+---------+-------
